 Dungeon Crawl Stone Soup version 0.30.0-5-g1a98f26d00 (webtiles) character file.

Game seed: 6384240644435339337

167 AlmostDecent the Trooper (level 5, 0/34 HPs)
             Began as a Gargoyle Fighter on May 10, 2023.
             Slain by an orc priest
             ... wielding a +0 dagger
              (4 damage)
             ... on level 3 of the Dungeon.
             The game lasted 00:03:56 (1827 turns).

AlmostDecent the Trooper (Gargoyle Fighter)         Turns: 1827, Time: 00:03:57

Health: 0/34       AC: 10    Str: 19    XL:     5   Next: 48%
Magic:  5/5        EV:  9    Int:  9    God:
Gold:   58         SH:  4    Dex: 11    Spells: 4/4 levels left

rFire   . . .        a - +0 war axe
rCold   . . .        c - +0 buckler
rNeg    + . .        b - +0 scale mail
rPois   ∞            (no helmet)
rElec   +            (no cloak)
rCorr   .            (no gloves)
SInv    .            (no boots)
Will    .....        (no amulet) Stlth
                     (no ring)
HPRegen 0.25/turn    (no ring)
MPRegen 0.09/turn

%: no passive effects
@: no status effects
A: sickness immunity, AC +4, negative energy resistance 1, electricity
resistance, torment resistance 1, petrification resistance
a: no special abilities


You were on level 3 of the Dungeon.
You visited 1 branch of the dungeon, and saw 3 of its levels.

You collected 58 gold pieces.

Inventory:

Hand Weapons
 a - a +0 war axe (weapon)
Armour
 b - a +0 scale mail (worn)
 c - a +0 buckler (worn)
Scrolls
 f - 7 scrolls of identify {unknown}
 h - a scroll of torment {unknown}
 i - a scroll of amnesia {unknown}
 j - a scroll of magic mapping {unknown}
 k - 2 scrolls of vulnerability {unknown}
 n - a scroll of enchant weapon {unknown}
 p - a scroll of summoning {unknown}
Potions
 d - a potion of might
 e - 3 potions of brilliance {unknown}
 g - a potion of experience {unknown}
 l - 4 potions of curing {unknown}
 m - a potion of degeneration {unknown}
 o - 2 potions of haste {unknown}
 q - a potion of magic {unknown}


   Skills:
 + Level 4.5 Fighting
 * Level 4.1 Axes
 - Level 3.4 Armour
 - Level 3.3 Shields


You had 4 spell levels left.
You didn't know any spells.
Your spell library contained the following spells:

 Spells                   Type           Power      Damage    Failure   Level
 Apportation              Tloc           0%         N/A       83%         1
 Gell's Gravitas          Tloc           0%         N/A       99%         3
 Teleport Other           Tloc           0%         N/A       99%         3
 Alistair's Intoxication  Tmut/Pois      0%         N/A       100%        5
 Blade Hands              Tmut           0%         N/A       100%        5
 Irradiate                Conj/Tmut      0%         3d11      100%        5
 Dispersal                Tloc           0%         N/A       100%        6
 Dragon Form              Tmut           0%         N/A       100%        7


Dungeon Overview and Level Annotations

Branches:
Dungeon (3/15)

Altars:

Shops:
D:1 :

Annotations:
D:2 1 runed translucent door, Crazy Yiuf


Innate Abilities, Weirdness & Mutations

You are immune to sickness and miasma.
Your stone body is resilient. (AC +4)
You are immune to poison.
You resist negative energy. (rN+)
You are resistant to electric shocks. (rElec)
You are resistant to unholy torment.
You are immune to petrification.


Message History

You block the orc's attack. The orc hits you with a +0 club.
The orc barely misses you.
You hit the orc.
The orc is heavily wounded.
You hit the orc but do no damage. The orc barely misses you.
The orc hits you but does no damage.
You hit the orc.
You kill the orc!
You closely miss the orc. The orc hits you but does no damage.
You hit the orc priest but do no damage.
You hit the orc.
The orc priest calls down the wrath of Beogh upon you.
Beogh smites you! The orc closely misses you.
The orc priest invokes the aid of Beogh against you.
Beogh smites you!
* * * LOW HITPOINT WARNING * * *
The orc hits you but does no damage.
You are too injured to fight recklessly!
You are too injured to fight recklessly!
You are too injured to fight recklessly!
You closely miss the orc priest. You hit the orc but do no damage.
The orc priest invokes the aid of Beogh against you.
Pain shoots through your body!
* * * LOW HITPOINT WARNING * * *
The orc hits you but does no damage.
You barely miss the orc priest. You barely miss the orc.
The orc priest hits you but does no damage.
The orc closely misses you.
You slash the orc priest!
The orc priest is severely wounded.
You barely miss the orc.
The orc priest casts a cantrip, but nothing happens.
The orc hits you but does no damage. You block the orc priest's attack.
The orc hits you but does no damage.
You closely miss the orc priest.
The orc priest is severely wounded.
You hit the orc.
You kill the orc!
The orc priest hits you with a +0 dagger.
You die...

#########...###.#.####
......#.......#.......
#.............####
###.......#.#.#
#.#####..........<#.#
#...<...............#
#.#####)####.##...###
#.# .##..## #@# .##..#
#.o)..# .... #.###.#
.##.. ... ... #.# ###
### .#


You could see an orc priest.

Vanquished Creatures
  Natasha (thrice) (D:2)
  2 adders
  3 gnolls (D:3)
  A worm (D:2)
  3 orcs (D:3)
  2 endoplasms (D:2)
  2 giant cockroaches (D:2)
  3 goblins
  2 hobgoblins (D:2)
  4 jackals
  3 kobolds
  A quokka (D:1)
  3 ball pythons
  5 bats
  2 frilled lizards (D:2)
  8 rats
47 creatures vanquished.

Notes
Turn   | Place    | Note
-------+----------+-------------------------------------------
     0 | D:1      | AlmostDecent the Gargoyle Fighter began the quest for the
                  | Orb.
     0 | D:1      | Reached XP level 1. HP: 14/14 MP: 1/1
    12 | D:1      | Found Mogha's Book Emporium.
   168 | D:1      | Reached XP level 2. HP: 19/19 MP: 2/2
   751 | D:2      | Noticed Natasha
   757 | D:2      | Killed Natasha
   758 | D:2      | Reached XP level 3. HP: 22/24 MP: 3/3
   893 | D:2      | Reached XP level 4. HP: 26/29 MP: 4/4
  1068 | D:2      | Found a runed translucent door.
  1069 | D:2      | Noticed Crazy Yiuf
  1239 | D:2      | Noticed Natasha
  1245 | D:2      | Killed Natasha
  1385 | D:2      | Noticed Natasha
  1394 | D:2      | Killed Natasha
  1395 | D:2      | Reached XP level 5. HP: 25/34 MP: 5/5
  1827 | D:3      | Slain by an orc priest

Illustrated notes

Levels and vault maps discovered:
D:1:      dpeg_arrival_long_road, layout_basic, serial_curves, eino_curves_02,
          eino_curves_02, serial_shops, nicolae_square_shop
D:2:      layout_basic, uniq_crazy_yiuf_cottage, uniq_natasha
D:3:      layout_loops_ring, nzn_hepliaklqana_mist_gate

Skill      XL: |  1  2  3  4  5 |
---------------+----------------+-----
Axes           | 2 3 4 |  4.1
Fighting       | 4 |  4.5
Armour         | |  3.4
Shields        | |  3.3

Action                     |  1- 3 |  4- 6 || total
---------------------------+-------+-------++-------
  Melee: War axe           |    47 |    54 ||   101
 Armour: Scale mail        |    27 |    21 ||    48
  Dodge: Dodged            |    27 |    20 ||    47
  Block: Buckler           |    19 |    12 ||    31
